TOP OF THE 1ST |
---|
Culver City Extras batting - Pitching for Red Deer Wranglers : RHP Luis Costa | Pitching: RHP Luis Costa | | Batting: LHB Trey Fitzpatrick | 0-0: Ball 1-0: Ball 2-0: Ball 3-0: Base on Balls | Batting: RHB Jason McIntosh | 0-0: Called Strike 0-1: Ground out 5-3 (Groundball, 56S) Trey Fitzpatrick to second | Batting: RHB John Stevens | 0-0: Ball 1-0: Called Strike 1-1: Ball 2-1: Called Strike 2-2: Ball 3-2: Strikes out swinging | Batting: LHB Tony Smith | 0-0: Swinging Strike 0-1: Ball 1-1: Foul Ball, location: 2F 1-2: SINGLE (Groundball, 4MD) Trey Fitzpatrick to third Runner from 3rd tries for Home, SAFE, throw made home | Batting: LHB Ramiro Venegas | 0-0: Called Strike 0-1: Ball 1-1: SINGLE (Groundball, 6MD) Tony Smith to second | Batting: LHB Richard Bell | 0-0: Swinging Strike 0-1: Ball 1-1: Ball 2-1: Foul Ball, location: 2F 2-2: Ball 3-2: Foul Ball, location: 2F 3-2: SINGLE (Groundball, 56D) Tony Smith to third Ramiro Venegas to second Tony Smith scores Ramiro Venegas to third | Batting: LHB Iván Espinosa | 0-0: Ground out 4-3 (Groundball, 4) | Top of the 1st over - 2 runs, 3 hits, 0 errors, 2 left on base; Culver City 2 - Red Deer 0 | BOTTOM OF THE 1ST |
---|
Red Deer Wranglers batting - Pitching for Culver City Extras : RHP Juan Rojas | Pitching: RHP Juan Rojas | | Batting: RHB Julián García | 0-0: Ball 1-0: Called Strike 1-1: Ball 2-1: Foul Ball, location: 2F 2-2: SINGLE (Groundball, 4MD) | Batting: SHB Robbie Rhodes | 0-0: Ball 1-0: Ball 2-0: Called Strike 2-1: Called Strike 2-2: Foul Ball, location: 2F 2-2: SINGLE (Line Drive, 7S) Julián García to second | Batting: RHB Steve Burton | 0-0: Ball Pickoff Throw to Second - Error! E1 Julián García to third Robbie Rhodes to second 1-0: Called Strike 1-1: Foul Ball, location: 2F 1-2: Strikes out looking | Batting: LHB Jorge Olvera | 0-0: Ball 1-0: Swinging Strike 1-1: Ball 2-1: Foul Ball, location: 2F 2-2: Ball 3-2: Fly out, F9 (Flyball, 89D) Runner from 3rd tags up, SCORES, throw made | Batting: RHB Pedro Cabrera | 0-0: Swinging Strike 0-1: Ball 1-1: Swinging Strike 1-2: Ball 2-2: Ball 3-2: Fly out, F8 (Flyball, 8LD) | Bottom of the 1st over - 1 run, 2 hits, 1 error, 1 left on base; Culver City 2 - Red Deer 1 | TOP OF THE 2ND |
---|
Culver City Extras batting - Pitching for Red Deer Wranglers : RHP Luis Costa | Batting: RHB Jamie Swyers | 0-0: Called Strike 0-1: Ball 1-1: SINGLE (Groundball, 56D) | Batting: RHB Jesús Herrera | 0-0: Called Strike 0-1: Ball 1-1: Ball Jamie Swyers steals 2nd base 2-1: Swinging Strike 2-2: SINGLE (Line Drive, 56D) Jamie Swyers to third Runner from 3rd tries for Home, SAFE, no throw | Batting: LHB Trey Fitzpatrick | 0-0: Fly out, F4 (Popup, 34D) | Batting: RHB Jason McIntosh | 0-0: Called Strike 0-1: Fly out, F7 (Flyball, 7LS) | Batting: RHB John Stevens | 0-0: Ball 1-0: Called Strike 1-1: Called Strike 1-2: Ball 2-2: Ball Wild Pitch! Jesús Herrera to second 3-2: Strikes out swinging | Top of the 2nd over - 1 run, 2 hits, 0 errors, 1 left on base; Culver City 3 - Red Deer 1 | BOTTOM OF THE 2ND |
---|
Red Deer Wranglers batting - Pitching for Culver City Extras : RHP Juan Rojas | Batting: RHB Joe Lewis | 0-0: Called Strike 0-1: Ground out 6-3 (Groundball, 6) | Batting: RHB Xavier López | 0-0: Foul Ball, location: 2F 0-1: Ball 1-1: Ball 2-1: Fly out, F5 (Line Drive, 56) | Batting: RHB Ismael Ortíz | 0-0: Ball 1-0: Swinging Strike 1-1: Ball 2-1: Foul Ball, location: 2F 2-2: Strikes out swinging | Bottom of the 2nd over - 0 runs, 0 hits, 0 errors, 0 left on base; Culver City 3 - Red Deer 1 | TOP OF THE 3RD |
---|
Culver City Extras batting - Pitching for Red Deer Wranglers : RHP Luis Costa | Batting: LHB Tony Smith | 0-0: Called Strike 0-1: Ball 1-1: Ball 2-1: Ball 3-1: Base on Balls | Batting: LHB Ramiro Venegas | 0-0: Ball 1-0: Ball 2-0: Called Strike 2-1: Fielders Choice at 2nd, 1-6 (Groundball, 13) | Batting: LHB Richard Bell | 0-0: Called Strike 0-1: Grounds into double play, 4-6-3 (Groundball, 4) | Top of the 3rd over - 0 runs, 0 hits, 0 errors, 0 left on base; Culver City 3 - Red Deer 1 | BOTTOM OF THE 3RD |
---|
Red Deer Wranglers batting - Pitching for Culver City Extras : RHP Juan Rojas | Batting: LHB Héctor Santos | 0-0: Ball 1-0: Ball 2-0: Ball 3-0: Called Strike 3-1: Foul Ball, location: 2F 3-2: Base on Balls | Batting: RHB Julián García | 0-0: Ball 1-0: Ball 2-0: Foul Ball, location: 2F 2-1: Called Strike 2-2: Foul Ball, location: 2F 2-2: Fly out, F9 (Flyball, 9D) | Batting: SHB Robbie Rhodes | 0-0: Foul Ball, location: 2F 0-1: Fly out, F9 (Flyball, 9) | Batting: RHB Steve Burton | 0-0: Ball 1-0: Foul Ball, location: 2F 1-1: SINGLE (Groundball, 6MD) Héctor Santos to second | Batting: LHB Jorge Olvera | 0-0: Ball 1-0: Foul Ball, location: 2F 1-1: Swinging Strike 1-2: Ball 2-2: Strikes out swinging | Bottom of the 3rd over - 0 runs, 1 hit, 0 errors, 2 left on base; Culver City 3 - Red Deer 1 | TOP OF THE 4TH |
---|
Culver City Extras batting - Pitching for Red Deer Wranglers : RHP Luis Costa | Batting: LHB Iván Espinosa | 0-0: SINGLE (Line Drive, 34D) | Batting: RHB Jamie Swyers | 0-0: Called Strike 0-1: Foul Ball, location: 2F 0-2: Ball 1-2: Foul Ball, location: 2F 1-2: Foul Ball, location: 2F 1-2: Ball 2-2: Fly out, F4 (Popup, 4M) | Batting: RHB Jesús Herrera | 0-0: Called Strike 0-1: Called Strike 0-2: Ball 1-2: Ball 2-2: Strikes out swinging | Batting: LHB Trey Fitzpatrick | 0-0: Ball 1-0: Ball 2-0: SINGLE (Line Drive, 9S) Iván Espinosa to second | Batting: RHB Jason McIntosh | 0-0: Fly out, F3 (Popup, 3SF) | Top of the 4th over - 0 runs, 2 hits, 0 errors, 2 left on base; Culver City 3 - Red Deer 1 | BOTTOM OF THE 4TH |
---|
Red Deer Wranglers batting - Pitching for Culver City Extras : RHP Juan Rojas | Batting: RHB Pedro Cabrera | 0-0: Swinging Strike 0-1: Ball 1-1: Foul Ball, location: 2F 1-2: Ball 2-2: DOUBLE (Line Drive, 7LD) | Batting: RHB Joe Lewis | 0-0: Ground out 6-3 (Groundball, 56) | Batting: RHB Xavier López | 0-0: Ball 1-0: Foul Ball, location: 2F 1-1: Ball 2-1: Ball 3-1: Base on Balls | Batting: RHB Ismael Ortíz | 0-0: Ball 1-0: Ball 2-0: 3-RUN HOME RUN (Flyball, 7LD), Distance : 318 ft | Batting: LHB Héctor Santos | 0-0: Ball 1-0: Foul Ball, location: 2F 1-1: DOUBLE (Line Drive, 78XD) | Batting: RHB Julián García | 0-0: Called Strike 0-1: Called Strike 0-2: SINGLE (Flyball, 8LS) Héctor Santos to third Runner from 3rd tries for Home, SAFE, no throw | Pitching: LHP Alonso Álvarez | | Batting: SHB Robbie Rhodes | 0-0: Ball 1-0: Swinging Strike 1-1: Ball 2-1: Swinging Strike 2-2: Fielders Choice at 2nd, 4-6 (Groundball, 4) | Batting: RHB Steve Burton | 0-0: SINGLE (Groundball, 6MD) Robbie Rhodes to second Runner from 2nd tries for 3rd, SAFE, throw made to third | Batting: LHB Jorge Olvera | 0-0: Ground out 4-3 (Groundball, 4) | Bottom of the 4th over - 4 runs, 5 hits, 0 errors, 2 left on base; Culver City 3 - Red Deer 5 | TOP OF THE 5TH |
---|
Culver City Extras batting - Pitching for Red Deer Wranglers : RHP Luis Costa | Batting: RHB John Stevens | 0-0: Called Strike 0-1: Ball 1-1: Ball 2-1: Foul Ball, location: 2F 2-2: Strikes out swinging | Batting: LHB Tony Smith | 0-0: Called Strike 0-1: Ball 1-1: Hit by Pitch | Batting: LHB Ramiro Venegas | 0-0: Ball 1-0: Ball 2-0: Called Strike 2-1: Fly out, F8 (Flyball, 8RD) | Batting: LHB Richard Bell | 0-0: Ball 1-0: SINGLE (Groundball, 4MD) Tony Smith to second Runner from 2nd tries for 3rd, OUT! | Top of the 5th over - 0 runs, 1 hit, 0 errors, 1 left on base; Culver City 3 - Red Deer 5 | BOTTOM OF THE 5TH |
---|
Red Deer Wranglers batting - Pitching for Culver City Extras : LHP Alonso Álvarez | Batting: RHB Pedro Cabrera | 0-0: Called Strike 0-1: Ball 1-1: Called Strike 1-2: Foul Ball, location: 2F 1-2: Fly out, F7 (Flyball, 7LS) | Batting: RHB Joe Lewis | 0-0: Ball 1-0: Ball 2-0: Ball 3-0: Called Strike 3-1: Base on Balls | Batting: RHB Xavier López | 0-0: Called Strike 0-1: SINGLE (Line Drive, 56) Joe Lewis to second | Batting: RHB Ismael Ortíz | 0-0: Ball 1-0: Ball 2-0: Ball 3-0: Fly out, F9 (Flyball, 89M) | Batting: LHB Héctor Santos | 0-0: Ground out U3 (Groundball, 3L) | Bottom of the 5th over - 0 runs, 1 hit, 0 errors, 2 left on base; Culver City 3 - Red Deer 5 | TOP OF THE 6TH |
---|
Culver City Extras batting - Pitching for Red Deer Wranglers : RHP Luis Costa | Pitching: RHP Dusty Smith | | Batting: LHB Iván Espinosa | 0-0: Ball 1-0: Ball 2-0: Foul Ball, location: 2F 2-1: Swinging Strike 2-2: Ball 3-2: SINGLE (Groundball, 34) (infield hit) | Batting: RHB Jamie Swyers | 0-0: SINGLE (Line Drive, 8LS) Iván Espinosa to second | Batting: RHB Jesús Herrera | 0-0: Called Strike 0-1: Ball 1-1: Called Strike 1-2: Ball 2-2: Strikes out swinging | Batting: LHB Trey Fitzpatrick | 0-0: Foul Ball, location: 2F 0-1: Hit by Pitch Iván Espinosa to third Jamie Swyers to second | Batting: RHB Jason McIntosh | 0-0: Called Strike 0-1: Ball 1-1: Ball Wild Pitch! Iván Espinosa scores Jamie Swyers to third Trey Fitzpatrick to second 2-1: Called Strike 2-2: Strikes out swinging | Batting: RHB John Stevens | 0-0: Reached on error, E1 (Groundball, 13S) Jamie Swyers scores Trey Fitzpatrick to third | Pitching: RHP Daniel Casey | | Batting: LHB Tony Smith | 0-0: Ball 1-0: Ball 2-0: Ball 3-0: Called Strike 3-1: Base on Balls John Stevens to second | Batting: LHB Ramiro Venegas | 0-0: Ball 1-0: Ground out 3-1 (Groundball, 34) | Top of the 6th over - 2 runs, 2 hits, 1 error, 3 left on base; Culver City 5 - Red Deer 5 | BOTTOM OF THE 6TH |
---|
Red Deer Wranglers batting - Pitching for Culver City Extras : LHP Alonso Álvarez | Batting: RHB Julián García | 0-0: Ball 1-0: Swinging Strike 1-1: Swinging Strike 1-2: Foul Ball, location: 2F 1-2: Foul Ball, location: 2F 1-2: Ball 2-2: Fly out, F9 (Line Drive, 89D) | Batting: SHB Robbie Rhodes | 0-0: Ball 1-0: Foul Ball, location: 2F 1-1: Foul Ball, location: 2F 1-2: Foul Ball, location: 2F 1-2: Foul Ball, location: 2F 1-2: Ball 2-2: Foul Ball, location: 2F 2-2: Foul Ball, location: 2F 2-2: Foul Ball, location: 2F 2-2: Foul Ball, location: 2F 2-2: Ball 3-2: Foul Ball, location: 2F 3-2: Base on Balls | Batting: RHB Steve Burton | 0-0: Swinging Strike 0-1: Called Strike 0-2: Ball 1-2: Ball 2-2: Ball Pickoff Throw to First - Out! 3-2: Ground out U3 (Groundball, 34) | Bottom of the 6th over - 0 runs, 0 hits, 0 errors, 0 left on base; Culver City 5 - Red Deer 5 | TOP OF THE 7TH |
---|
Culver City Extras batting - Pitching for Red Deer Wranglers : RHP Daniel Casey | Batting: LHB Richard Bell | 0-0: Ball 1-0: Foul Ball, location: 2F 1-1: Swinging Strike 1-2: Strikes out swinging | Batting: LHB Iván Espinosa | 0-0: SOLO HOME RUN (Flyball, 9LD), Distance : 337 ft | Batting: RHB Jamie Swyers | 0-0: SINGLE (Groundball, 6MD) | Batting: RHB Jesús Herrera | 0-0: Called Strike 0-1: Called Strike 0-2: Foul Ball, location: 2F 0-2: Ball Jamie Swyers steals 2nd base 1-2: Ball 2-2: Foul Ball, location: 2F 2-2: Ball 3-2: Ground out 4-3 (Groundball, 4) Jamie Swyers to third | Batting: LHB Trey Fitzpatrick | 0-0: Ball 1-0: Called Strike 1-1: Ball 2-1: 2-RUN HOME RUN (Flyball, 9D), Distance : 358 ft | Pitching: LHP Macy Catron | | Batting: RHB Jason McIntosh | 0-0: Ball 1-0: Called Strike 1-1: Ball 2-1: Foul Ball, location: 2F 2-2: Fly out, F9 (Flyball, 89XD) | Top of the 7th over - 3 runs, 3 hits, 0 errors, 0 left on base; Culver City 8 - Red Deer 5 | BOTTOM OF THE 7TH |
---|
Red Deer Wranglers batting - Pitching for Culver City Extras : LHP Alonso Álvarez | Now at SS: Dave Anderson | | Batting: LHB Jorge Olvera | 0-0: Called Strike 0-1: Ball 1-1: Foul Ball, location: 2F 1-2: Ball 2-2: Strikes out swinging | Batting: RHB Pedro Cabrera | 0-0: Ball 1-0: Ball 2-0: Ground out 6-3 (Groundball, 6) | Batting: RHB Joe Lewis | 0-0: Ball 1-0: Ball 2-0: Swinging Strike 2-1: Called Strike 2-2: Foul Ball, location: 2F 2-2: Strikes out swinging | Bottom of the 7th over - 0 runs, 0 hits, 0 errors, 0 left on base; Culver City 8 - Red Deer 5 | TOP OF THE 8TH |
---|
Culver City Extras batting - Pitching for Red Deer Wranglers : LHP Macy Catron | Batting: RHB John Stevens | 0-0: Ball 1-0: SINGLE (Flyball, 5D) | Batting: LHB Tony Smith | 0-0: Called Strike 0-1: Ball 1-1: Foul Ball, location: 2F 1-2: Ball 2-2: Strikes out swinging | Batting: LHB Ramiro Venegas | 0-0: Called Strike 0-1: Ball 1-1: Foul Ball, location: 2F 1-2: Fielders Choice at 2nd, 4-6 (Groundball, 34) | Batting: LHB Richard Bell | 0-0: Called Strike 0-1: Fly out, F9 (Flyball, 9) | Top of the 8th over - 0 runs, 1 hit, 0 errors, 1 left on base; Culver City 8 - Red Deer 5 | BOTTOM OF THE 8TH |
---|
Red Deer Wranglers batting - Pitching for Culver City Extras : LHP Alonso Álvarez | Batting: RHB Xavier López | 0-0: Ball 1-0: Ball 2-0: Ball 3-0: Base on Balls | Batting: RHB Ismael Ortíz | 0-0: Ball 1-0: Foul Ball, location: 2F 1-1: DOUBLE (Line Drive, 9LM) Xavier López to third Runner from 3rd tries for Home, SAFE, no throw | Batting: LHB Héctor Santos | 0-0: SINGLE (Groundball, 4) (infield hit) Ismael Ortíz to third | Pitching: LHP Henry Brown | | Pinch Runner at 1st Art Cameron: | | Batting: RHB Julián García | 0-0: Called Strike 0-1: Swinging Strike 0-2: Ball 1-2: Ball 2-2: Foul Ball, location: 2F 2-2: Foul Ball, location: 2F 2-2: Strikes out looking and he ARGUES THE CALL AND IS TOSSED! | Batting: SHB Robbie Rhodes | 0-0: Called Strike 0-1: Ball 1-1: Foul Ball, location: 2F 1-2: Ball 2-2: Ball 3-2: Strikes out looking | Batting: RHB Steve Burton | 0-0: Ball 1-0: Ball 2-0: Swinging Strike 2-1: Foul Ball, location: 2F 2-2: Strikes out looking | Bottom of the 8th over - 1 run, 2 hits, 0 errors, 2 left on base; Culver City 8 - Red Deer 6 | TOP OF THE 9TH |
---|
Culver City Extras batting - Pitching for Red Deer Wranglers : LHP Macy Catron | Now at 1B: Art Cameron | | Now at SS: Ben Fisher | | Batting: LHB Iván Espinosa | 0-0: Swinging Strike 0-1: Foul Ball, location: 2F 0-2: Ball 1-2: SINGLE (Flyball, 8RS) | Batting: RHB Jamie Swyers | 0-0: Bunted foul 0-1: Bunt missed! 0-2: Strikes out swinging | Batting: RHB Jesús Herrera | 0-0: Ball 1-0: Ground out U3 (Groundball, 34S) Iván Espinosa to second | Batting: RHB Dave Anderson | 0-0: SINGLE (Groundball, 56) (infield hit) Iván Espinosa to third | Batting: RHB Jason McIntosh | 0-0: SINGLE (Groundball, 4MD) Iván Espinosa scores Dave Anderson to second | Batting: RHB John Stevens | 0-0: Ball 1-0: Foul Ball, location: 2F 1-1: Ball 2-1: Ball 3-1: Swinging Strike 3-2: Strikes out looking | Top of the 9th over - 1 run, 3 hits, 0 errors, 2 left on base; Culver City 9 - Red Deer 6 | BOTTOM OF THE 9TH |
---|
Red Deer Wranglers batting - Pitching for Culver City Extras : LHP Henry Brown | Batting: LHB Jorge Olvera | 0-0: Fly out, F7 (Flyball, 7S) | Batting: RHB Pedro Cabrera | 0-0: Ball 1-0: Foul Ball, location: 2F 1-1: Ground out 4-3 (Groundball, 4) | Batting: RHB Joe Lewis | 0-0: Swinging Strike 0-1: Ball 1-1: Ball 2-1: Ball 3-1: Fly out, F9 (Flyball, 9LSF) | Bottom of the 9th over - 0 runs, 0 hits, 0 errors, 0 left on base; Culver City 9 - Red Deer 6 | |